 Dungeon Crawl Stone Soup version 0.28.0-53-g5a82cb258f (webtiles) character file.

Game seed: 17329639245246867271

44 DemonSlayer the Firebug (level 3, -4/24 HPs)
             Began as a Demonspawn Fire Elementalist on July 22, 2022.
             Succumbed to an adder's poison
             ... on level 2 of the Dungeon.
             The game lasted 00:03:52 (2830 turns).

DemonSlayer the Firebug (DsFE)                      Turns: 2830, Time: 00:03:53

Health: -4/24      AC:  3    Str:  8    XL:     3   Next: 41%
Magic:  6/6        EV: 12    Int: 18    God:
Gold:   114        SH:  0    Dex: 13    Spells: 3/6 levels left

rFire   . . .      SeeInvis .   e - +0 short sword
rCold   . . .      Faith    .   (no shield)
rNeg    . . .      Spirit   .   a - +0 robe
rPois   .          Reflect  .   b - +0 helmet
rElec   .          Harm     .   (no cloak)
rCorr   .          Rampage  .   (no gloves)
Will    .....                   (no boots)
Stlth   ++........              (no amulet)
HPRegen 0.08/turn               (no ring)
MPRegen 0.10/turn               (no ring)

@: lethally poisoned (-4 -> -25), hasted, very quick
A: foul stench 1
a: no special abilities


You were on level 2 of the Dungeon.
You visited 1 branch of the dungeon, and saw 2 of its levels.

You collected 114 gold pieces.

Inventory:

Hand Weapons
 e - a +0 short sword (weapon)
Armour
 a - a +0 robe (worn)
 b - a +0 helmet (worn)
Scrolls
 d - a scroll of magic mapping {unknown}
 f - a scroll of brand weapon {unknown}
 h - a scroll of teleportation {unknown}


   Skills:
 + Level 0.2 Fighting
 + Level 0.1 Short Blades
 + Level 1.8 Dodging
 + Level 1.9 Stealth
 + Level 0.1 Unarmed Combat
 + Level 2.4 Spellcasting
 + Level 1.3 Conjurations
 + Level 3.3 Fire Magic


You had 3 spell levels left.
You knew the following spells:

 Your Spells              Type           Power      Damage    Failure   Level
a - Foxfire               Conj/Fire      40%        2x1d6     7%          1
b - Scorch                Fire           28%        2d6       7%          2

Your spell library contained the following spells:

 Spells                   Type           Power      Damage    Failure   Level
 Magic Dart               Conj           28%        1d4       10%         1
 Conjure Flame            Conj/Fire      10%        6-21      21%         3
 Call Imp                 Summ           2%         N/A       26%         2
 Inner Flame              Hex/Fire       8%         N/A       26%         3
 Mephitic Cloud           Conj/Pois/Air  3%         N/A       41%         3
 Flame Wave               Conj/Fire      10%        2d5       54%         4


Dungeon Overview and Level Annotations

Branches:
Dungeon (2/15)

Altars:


Innate Abilities, Weirdness & Mutations

You may rarely emit foul miasma when damaged in melee.


Message History

You are more poisoned.
The adder poisons you!
You hit the adder.
The adder is severely wounded.
You feel sick. The adder bites you.
You are lethally poisoned!
The adder poisons you!
You are too injured to fight recklessly!
You are too injured to fight recklessly!
You are too injured to fight recklessly!
You are too injured to fight recklessly!
You are too injured to fight recklessly!
You are too injured to fight recklessly!
You are too injured to fight recklessly!
You are too injured to fight recklessly!
You are too injured to fight recklessly!
You are too injured to fight recklessly!
You are too injured to fight recklessly!
You are too injured to fight recklessly!
You are too injured to fight recklessly!
You are too injured to fight recklessly!
You closely miss the adder.
The adder is severely wounded.
You feel very sick. The adder bites you.
* * * LOW HITPOINT WARNING * * *
You are more poisoned.
The adder poisons you! The adder misses you.
It was a potion of magic.
Magic courses through your body.
* * * LOW HITPOINT WARNING * * *
You feel very sick. The adder bites you.
* * * LOW HITPOINT WARNING * * *
You are more poisoned.
The adder poisons you!
Unknown command.
Unknown command.
Unknown command.
It was a potion of haste.
You feel yourself speed up.
You die...

#........#......
#.......#.......
+...............
+.......#.......
++##............
#.......#...####
++##.........#................
#.....#........#########.......
#......................#....
#.............(.........
.......................?
.......##.......@S......
.......######..###......
...........###.# #....
..###......# #.# ... ..#
#......###># . ..# ##........##
..# #..............#
..####...>.........(.
.....................


You could see an adder.

Vanquished Creatures
  A worm (D:2)
  A dart slug (D:1)
  2 ball pythons (D:1)
  2 endoplasms
  A giant cockroach (D:1)
  4 goblins
  2 hobgoblins
  4 jackals (D:1)
  6 kobolds
  2 bats (D:2)
  3 frilled lizards
  11 rats
39 creatures vanquished.

Vanquished Creatures (others)
  160 foxfires
160 creatures vanquished.

Grand Total: 199 creatures vanquished

Notes
Turn   | Place    | Note
-------+----------+-------------------------------------------
     0 | D:1      | DemonSlayer the Demonspawn Fire Elementalist began the
                  | quest for the Orb.
     0 | D:1      | Reached XP level 1. HP: 13/13 MP: 3/3
   710 | D:1      | Gained mutation: You may rarely emit foul miasma when
                  | damaged in melee. [demonic ancestry]
   710 | D:1      | Reached XP level 2. HP: 19/19 MP: 0/5
   737 | D:1      | Reached skill level 3 in Fire Magic
  1961 | D:1      | Reached XP level 3. HP: 24/24 MP: 0/6
  2095 | D:1      | Learned a level 2 spell: Scorch
  2829 | D:2      | HP: 1/24 [adder (1)]
  2830 | D:2      | Succumbed to an adder's poison

Illustrated notes

Levels and vault maps discovered:
D:1:      matt_arrival_spirals, layout_loops_cross, minivault_19,
          minmay_rat_gold_closets
D:2:      layout_basic, kennysheep_cluttered_room

Skill      XL: |  1  2 |
---------------+-------+-----
Fire Magic     | 3 |  3.3
Fighting       | |  0.2
Short Blades   | |  0.1
Dodging        | |  1.8
Stealth        | |  1.9
Unarmed Combat | |  0.1
Spellcasting   | |  2.4
Conjurations   | |  1.3

Action                   || total
-------------------------++-------
Melee: Unarmed           ||    10
       Short sword       ||    46
 Cast: Foxfire           ||   100
  Use: Potion            ||     2
 Stab: Sleeping          ||     1
Armor: Robe              ||    20
Dodge: Dodged            ||    59
